 Dungeon Crawl Stone Soup version 0.29-a0-337-g68df138881 (webtiles) character file.

Game seed: 6064311789142362646

151 rageheart7 the Skirmisher (level 5, 0/59 HPs)
             Began as an Ogre Gladiator on Apr 16, 2022.
             Slain by a river rat (7 damage)
             ... on level 4 of the Dungeon.
             The game lasted 00:04:22 (4461 turns).

rageheart7 the Skirmisher (Ogre Gladiator)          Turns: 4461, Time: 00:04:23

Health: 0/59       AC:  3    Str: 18    XL:     5   Next: 33%
Magic:  5/5        EV: 10    Int: 11    God:
Gold:   162        SH:  0    Dex: 10    Spells: 4/4 levels left

rFire   . . .      SeeInvis .   j - staff of earth
rCold   . . .      Faith    .   (no shield)
rNeg    . . .      Spirit   .   b - +0 robe
rPois   .          Reflect  .   c - +0 hat
rElec   .          Harm     .   (no cloak)
rCorr   .          Rampage  .   (gloves unavailable)
Will    .....                   (boots unavailable)
Stlth   +.........              (no amulet)
HPRegen 0.19/turn               (no ring)
MPRegen 0.09/turn               (no ring)

@: confused, ambrosia-drunk
A: large, unfitting armour, tough skin 1
a: no special abilities


You were on level 4 of the Dungeon.
You visited 1 branch of the dungeon, and saw 4 of its levels.

You collected 162 gold pieces.

Inventory:

Hand Weapons
 a - a +0 quarterstaff
Missiles
 d - 3 throwing nets (quivered)
 e - a large rock
Armour
 b - a +0 robe (worn)
 c - a +0 hat (worn)
 t - an orb of guile
Magical Staves
 j - a staff of earth (weapon)
Scrolls
 f - a scroll of enchant weapon {unknown}
 g - a scroll of noise {unknown}
 k - 2 scrolls of fear {unknown}
 l - 2 scrolls of teleportation {unknown}
 n - 2 scrolls of vulnerability {unknown}
 r - a scroll of blinking {unknown}
 s - a scroll of identify
Potions
 h - 6 potions of curing
 i - a potion of lignification
 m - a potion of haste
 o - 2 potions of attraction
 p - a potion of heal wounds


   Skills:
 * Level 5.8 Fighting
 + Level 4.0 Staves
 - Level 2.0 Throwing
 - Level 2.6 Dodging
 + Level 1.1 Earth Magic


You had 4 spell levels left.
You didn't know any spells.
Your spell library contained the following spells:

 Spells                   Type           Power      Damage    Failure   Level
 Summon Small Mammal      Summ           0%         N/A       34%         1
 Call Canine Familiar     Summ           0%         N/A       71%         3
 Summon Guardian Golem    Hex/Summ       0%         N/A       71%         3
 Chain Lightning          Conj/Air       0%         N/A       100%        9
 Fire Storm               Conj/Fire      0%         5d1       100%        9
 Shatter                  Erth           1%         3d6*      100%        9


Dungeon Overview and Level Annotations

Branches:
Dungeon (4/15)             Temple (0/1) D:4

Altars:
Cheibriados

Portals:
Sewer: D:4


Innate Abilities, Weirdness & Mutations

You are too large for most types of armour.
You have tough skin. (AC +1)


Message History

The giant cockroach barely misses you.
You hit the river rat.
The river rat is moderately wounded.
The giant cockroach bites you but does no damage.
The river rat closely misses you.
You hit the river rat.
The river rat is heavily wounded.
You hear the slow rusting of a drain.
The giant cockroach barely misses you. The river rat bites you!
You hit the river rat but do no damage.
The river rat is heavily wounded.
The giant cockroach closely misses you. The river rat bites you!
You barely miss the river rat.
The river rat is heavily wounded.
The giant cockroach bites you but does no damage.
The river rat bites you.
* * * LOW HITPOINT WARNING * * *
You hit the river rat but do no damage.
The river rat is heavily wounded.
The giant cockroach barely misses you. The river rat bites you.
* * * LOW HITPOINT WARNING * * *
The giant cockroach barely misses you.
You hit the giant cockroach.
You kill the giant cockroach!
The river rat closely misses you.
You hit the river rat.
The river rat is severely wounded.
The river rat barely misses you.
You closely miss the river rat.
The river rat is severely wounded.
The river rat bites you but does no damage.
You hit the river rat but do no damage.
The river rat is severely wounded.
The river rat bites you.
* * * LOW HITPOINT WARNING * * *
You are confused.
You feel invigorated. The river rat bites you.
* * * LOW HITPOINT WARNING * * *
The river rat bites you!
You die...

#..........# #....≈≈≈...##
#...≈≈≈≈≈...# *******
#...≈≈∩≈≈...#
,,,,,,***###...≈≈≈≈≈...#
*,,**,,,,.......≈≈≈....###
,,,,,,,,*#...............#
,,,,,,,,,..##............# **
,,,,,,,,*#......@r###....# *,
,,,,,,,,*####....†.......##*****,
,,,,,,,,,,*####.###.......<,,,,,,
,,,,,,,,*,,.........#....##,,,,,,
,,,,,,,,****###..........#*,,,,,,
,,,,,,,.#* #....#.#...#*,,,,,,
,,,,,,,..#* #.†..#.....#*,,,,,,
,*,,,,,...#####...###....#*,,,,,,
,***,***#...#...#.#**......,,,,,,


You could see a river rat.

Vanquished Creatures
  A hound (D:4)
  5 adders
  4 dart slugs
  A worm (D:2)
  An orc (D:4)
  6 ball pythons
  6 endoplasms
  3 giant cockroaches (D:4)
  2 goblins
  4 hobgoblins
  6 jackals
  3 kobolds
  4 quokkas
  7 bats
  5 frilled lizards
  6 rats
64 creatures vanquished.

Notes
Turn   | Place    | Note
-------+----------+-------------------------------------------
     0 | D:1      | rageheart7 the Ogre Gladiator began the quest for the Orb.
     0 | D:1      | Reached XP level 1. HP: 22/22 MP: 1/1
   103 | D:1      | Reached skill level 3 in Fighting
   238 | D:1      | Reached XP level 2. HP: 23/31 MP: 2/2
  1234 | D:1      | Upgraded the game from 0.29-a0-334-gb41bcbb86e to
                  | 0.29-a0-337-g68df138881
  1245 | D:1      | Reached skill level 4 in Fighting
  1374 | D:2      | Reached XP level 3. HP: 35/39 MP: 3/3
  2499 | D:2      | Reached XP level 4. HP: 20/49 MP: 4/4
  3039 | D:3      | Reached skill level 5 in Fighting
  3334 | D:3      | Found a faded altar of an unknown god.
  3804 | D:3      | Found a snail-covered altar of Cheibriados.
  4388 | D:4      | Reached XP level 5. HP: 50/57 MP: 5/5
  4407 | D:4      | Reached skill level 1 in Earth Magic
  4431 | D:4      | Found a glowing drain.
  4461 | D:4      | Slain by a river rat

Illustrated notes

Levels and vault maps discovered:
D:1:      dpeg_arrival_round_a, layout_basic
D:2:      layout_basic, kennysheep_generic_room_4
D:3:      layout_loops_ring, kennysheep_slug_shrine,
          ebering_ecumenical_altar_rust
D:4:      layout_rooms, lemuel_doored_altar, minmay_temple_entry_poolview,
          portal_sewer_entry_a, hangedman_decor_riveting, serial_park_tiny_pond,
          nicolae_underground_beach, uniq_duvessa

Skill      XL: |  1  2  3  4  5 |
---------------+----------------+-----
Fighting       | 3 4 5 |  5.8
Staves         | 4 |  4.0
Earth Magic    | 1 |  1.1
Throwing       | |  2.0
Dodging        | |  2.6

Action                   |  1- 3 |  4- 6 || total
-------------------------+-------+-------++-------
Melee: Quarterstaff      |    36 |       ||    36
       Staff             |   120 |   150 ||   270
       Punch             |     2 |     2 ||     4
  Use: Scroll            |       |     8 ||     8
       Potion            |       |     2 ||     2
 Stab: Sleeping          |     1 |     3 ||     4
Armor: Robe              |    51 |    51 ||   102
Dodge: Dodged            |    80 |   102 ||   182

Table legend: (Time is in decaauts)
 A = Elapsed time spent in this place.
 B = Non-inter-level travel time spent in this place.
 C = Inter-level travel time spent in this place.
 D = Time resting spent in this place.
 E = Time spent auto-exploring this place.
 F = Levels seen in this place.
 G = Mean time per level.
                   A        B        C        D        E       F      G
               +--------+--------+--------+--------+--------+-----+--------+
         Total |   4474 |   4417 |     57 |      0 |   3821 |   4 | 1118.5 |
       Dungeon |   4474 |   4417 |     57 |      0 |   3821 |   4 | 1118.5 |
               +--------+--------+--------+--------+--------+-----+--------+

Top non-repeatable levels by time:
     D:2: 1651 daAuts
     D:1: 1373 daAuts
     D:3: 1339 daAuts
     D:4: 110 daAuts
